 Dungeon Crawl Stone Soup version 0.21.1-1-g345015fe64 (webtiles) character file.

382 Freyura the Twirler (level 6, -5/38 HPs)
             Began as a Gargoyle Gladiator on May 5, 2018.
             Slain by an ogre
             ... wielding a +0 giant spiked club
              (17 damage)
             ... on level 4 of the Dungeon.
             The game lasted 00:10:38 (2704 turns).

Freyura the Twirler (Gargoyle Gladiator)            Turns: 2704, Time: 00:10:39

Health: -5/38      AC: 14    Str: 20    XL:     6   Next: 76%
Magic:  6/6        EV:  9    Int:  9    God:
Gold:   54         SH:  0    Dex: 13    Spells: 5/5 levels left

rFire    . . .     SeeInvis .   a - +0 quarterstaff
rCold    . . .     Gourm    .   (shield currently unavailable)
rNeg     + . .     Faith    .   g - +0 chain mail
rPois    ∞         Spirit   .   c - +0 helmet
rElec    +         Reflect  .   (no cloak)
rCorr    +         Harm     .   (no gloves)
MR       .....                  (no boots)
Stlth    ..........             (no amulet)
HPRegen  0.12/turn              h - ring of resist corrosion
MPRegen  0.10/turn              l - +3 ring of strength

@: no status effects
A: negative energy resistance 1, electricity resistance, unbreathing,
petrification resistance, rot immunity, AC +4
a: no special abilities


You were on level 4 of the Dungeon.
You were not hungry.

You visited 1 branch of the dungeon, and saw 4 of its levels.

You collected 132 gold pieces.
You spent 78 gold pieces at shops.

Inventory:

Hand Weapons
 a - a +0 quarterstaff (weapon)
Missiles
 d - 3 throwing nets (quivered)
Armour
 b - a +0 leather armour
 c - a +0 helmet (worn)
 g - a +0 chain mail (worn)
Jewellery
 h - a ring of resist corrosion (left hand)
 l - a +3 ring of strength (right hand)
Wands
 v - a wand of iceblast (4)
Scrolls
 k - a scroll of magic mapping {unknown}
 n - a scroll of identify
 o - a scroll of immolation {unknown}
 q - a scroll of enchant weapon {unknown}
 r - a scroll of teleportation {unknown}
 t - a scroll of remove curse {unknown}
Potions
 e - 2 potions of curing {unknown}
 i - a potion of invisibility {unknown}
 j - a potion of might
 m - a potion of lignification {unknown}
 p - a potion of flight {unknown}
 s - 2 potions of brilliance {unknown}
 u - 2 potions of heal wounds
Books
 w - a book of Cantrips

   Spells                             Type                      Level
   a - Confusing Touch                Hexes                        1
   b - Animate Skeleton               Necromancy                   1
   c - Summon Small Mammal            Summoning                    1
   d - Apportation                    Translocation                1
Comestibles
 f - 7 rations


   Skills:
 + Level 3.8 Fighting
 * Level 5.2 Staves
 - Level 1.7 Throwing
 + Level 3.0 Armour
 + Level 3.4 Dodging


You had 5 spell levels left.
You didn't know any spells.

Dungeon Overview and Level Annotations

Branches:
Dungeon (4/15)
 Temple: D:4-7

Altars:
Fedhas
Kikubaaqudgha
Ru
Vehumet

Shops:
D:4 !


Innate Abilities, Weirdness & Mutations

You are resistant to torment.
Your stone body is resilient. (AC +4)
You are immune to poison.
You resist negative energy. (rN+)
You are resistant to electric shocks. (rElec)
You can survive without breathing.
You are immune to petrification.
You are immune to rotting.


Message History

You feel a little less mighty now.
You see here an adder corpse.
A giant cockroach comes into view.
You sock the giant cockroach!
You kill the giant cockroach!
Found 12 bolts.
An ogre comes into view. It is wielding a giant spiked club.
You sock the ogre!
The ogre is moderately wounded.
The ogre hits you but does no damage.
You hit the ogre but do no damage.
The ogre is moderately wounded.
The ogre hits you with a giant spiked club!!
Ouch! That really hurt!
You hit the ogre.
The ogre is moderately wounded.
You thump the ogre!
The ogre is severely wounded.
The ogre hits you with a giant spiked club!
You die...

#.#.########
##.#†.......
#......#####
#..........
####..(...####
#.........#
#.........#
#.........#
#....@....#
#....O#####
#.....#
#.....#
........
#....(....
#.........
#.........


You could see an ogre.

Vanquished Creatures
  The ghost of BorisKarlOrff the Skirmisher, an amateur GrBe of Trog (D:4)
  An ice beast (D:2)
  A scorpion (D:4)
  A worker ant (D:3)
  2 adders
  2 oozes
  A worm (D:3)
  3 dart slugs
  5 leopard geckos
  6 orcs
  6 bats
  3 giant cockroaches
  10 goblins
  4 hobgoblins
  4 jackals (D:1)
  5 kobolds
  A quokka (D:2)
  2 frilled lizards
  5 rats
63 creatures vanquished.

Notes
Turn   | Place    | Note
-------+----------+-------------------------------------------
     0 | D:1      | Freyura the Gargoyle Gladiator began the quest for the Orb.
     0 | D:1      | Reached XP level 1. HP: 12/12 MP: 1/1
   115 | D:1      | Reached XP level 2. HP: 18/18 MP: 2/2
   359 | D:1      | Reached skill level 1 in Armour
   365 | D:1      | Reached XP level 3. HP: 15/22 MP: 3/3
  1222 | D:2      | Noticed an ice beast
  1229 | D:2      | Killed an ice beast
  1229 | D:2      | Reached skill level 4 in Staves
  1229 | D:2      | Reached XP level 4. HP: 9/28 MP: 4/4
  1229 | D:2      | Reached XP level 5. HP: 11/32 MP: 5/5
  1790 | D:3      | Found a faded altar of an unknown god.
  1823 | D:3      | Found a sacrificial altar of Ru.
  2353 | D:3      | Found a radiant altar of Vehumet.
  2383 | D:3      | Found a blossoming altar of Fedhas.
  2386 | D:3      | Found an ancient bone altar of Kikubaaqudgha.
  2578 | D:4      | Found Mixkycwa's Distillery.
  2589 | D:4      | Bought a potion of heal wounds for 65 gold pieces
  2589 | D:4      | Bought a potion of degeneration for 13 gold pieces
  2604 | D:4      | Reached XP level 6. HP: 37/37 MP: 6/6
  2621 | D:4      | Noticed BorisKarlOrff's ghost (amateur GrBe)
  2630 | D:4      | Killed BorisKarlOrff's ghost
  2630 | D:4      | Reached skill level 5 in Staves
  2704 | D:4      | Slain by an ogre

Skill      XL: |  1  2  3  4  5  6 |
---------------+-------------------+-----
Armour         | 1 2 3 |  3.0
Fighting       | 3 |  3.8
Staves         | 4 5 |  5.2
Dodging        | 3 |  3.4
Throwing       | |  1.7

Action                   |  1- 3 |  4- 6 || total
-------------------------+-------+-------++-------
Melee: Quarterstaff      |   114 |   115 ||   229
  Use: Scroll            |       |     2 ||     2
       Potion            |       |     1 ||     1
  Eat: Ration            |     2 |       ||     2
Armor: Leather armour    |     6 |       ||     6
       Chain mail        |    86 |    72 ||   158
Dodge: Dodged            |    66 |    47 ||   113
